 Dungeon Crawl Stone Soup version 0.31-a0-1178-gc5c9b8f871 (webtiles) character file.

Game seed: 16154014622382206989

212 qw the Shooter (level 5, -1/33 HPs)
             Began as a Gargoyle Hunter on Dec 11, 2023.
             Slain by a hobgoblin (6 damage)
             ... led by Robin
             ... on level 3 of the Dungeon.
             The game lasted 00:00:51 (1655 turns).

qw the Shooter (Gargoyle Hunter)                    Turns: 1655, Time: 00:00:51

Health: -1/33      AC:  7    Str: 11 (14) XL:     5   Next: 89%
Magic:  5/5        EV: 11    Int:  9 (10) God:
Gold:   125        SH:  0    Dex: 12 (15) Spells: 4/4 levels left

rFire   . . .        a - +1 shortbow
rCold   . . .        (shield currently unavailable)
rNeg    + . .        c - +0 leather armour
rPois   inf          (no helmet)
rElec   +            (no cloak)
rCorr   .            (no gloves)
SInv    .            (no boots)
Will    .....        (no amulet)
Stlth   +            (no ring)
HPRegen 0.25/turn    (no ring)
MPRegen 0.09/turn

%: no passive effects
@: hasted, very quick
A: sickness immunity, AC +4, negative energy resistance 1, electricity
resistance, torment resistance 1, petrification resistance
a: no special abilities


You were on level 3 of the Dungeon.
You visited 1 branch of the dungeon, and saw 3 of its levels.

You collected 125 gold pieces.


Innate Abilities, Weirdness & Mutations

You are immune to sickness and miasma.
Your stone body is resilient. (AC +4)
You are immune to poison.
You resist negative energy. (rN+)
You are resistant to electric shocks. (rElec)
You are resistant to unholy torment.
You are immune to petrification.


   Skills:
 - Level 4.2 Fighting
 + Level 6.0 Ranged Weapons
 - Level 1.5 Dodging
 - Level 1.1 Stealth


You had 4 spell levels left.
You didn't know any spells.
Your spell library was empty.

Inventory:

Hand Weapons
 a - a +1 shortbow (weapon)
Armour
 c - a +0 leather armour (worn)
 g - a +0 ring mail
Scrolls
 i - a scroll of immolation {unknown}
 j - a scroll of identify
Potions
 b - a potion of cancellation
 e - 3 potions of curing
 h - a potion of berserk rage {unknown}

Dungeon Overview and Level Annotations

Branches:
Dungeon (3/15)

Altars:

Annotations:
D:3 Robin


Message History

You shoot an arrow. The arrow hits Ijyb but does no damage.
Ijyb is almost dead.
The adder closely misses you. The goblin misses you.
A goblin comes into view. It is wielding a +0 dagger.
Robin throws the goblin at you!
Ijyb zaps a wand.
The puff of flame hits you! The adder barely misses you.
You shoot an arrow. The arrow closely misses Ijyb.
The goblin shouts!
The adder barely misses you. The goblin barely misses you. Ijyb misses you.
The goblin hits you with a +0 club.
Robin says, "Feeling lonely?"
Robin roars a battlecry!
The goblins go into a battle-frenzy!
You hear a shout!
You shoot an arrow. The arrow hits Ijyb.
You kill Ijyb!
The adder bites you.
A hobgoblin comes into view.
The goblin closely misses you. Robin closely misses you.
Your Fighting skill increases to level 4!
You shoot an arrow. The arrow completely misses the adder.
The arrow misses the goblin.
The hobgoblin shouts!
The adder misses you.
A goblin comes into view. It is wielding a +0 dagger.
The goblin closely misses you. The hobgoblin hits you.
Robin throws the goblin at you! The goblin hits you but does no damage.
The goblin closely misses you. The adder bites you.
1654 ||| DRINKING smoky pink potion.
It was a potion of haste.
You feel yourself speed up. The adder closely misses you.
The goblin hits you with a +0 club.
The hobgoblin hits you but does no damage.
Robin hits you but does no damage. The goblin hits you but does no damage.
The goblin closely misses you.
1655 ||| DRINKING murky yellow potion.
It was a potion of degeneration.
There was something very wrong with that liquid.
You feel weakened.
You feel dopey.
You feel clumsy. The adder bites you but does no damage.
The goblin hits you but does no damage. x2
The goblin misses you. The hobgoblin hits you.
You die... . .... #.#... # #.#..# .# #.#g.##.## .g)..g.. gbg..

#Sg# #@g# #gg#
####..#
#.....#
#.##>## #....#
###########..#
........###.<#
.............#


You could see Robin, an adder, 3 hobgoblins, 5 goblins and a bat.

Vanquished Creatures
  Ijyb (D:3)
  2 orc wizards (D:3)
  3 gnolls (D:2)
  3 adders (D:2)
  A worm (D:2)
  A dart slug (D:1)
  9 orcs (D:3)
  7 endoplasms
  A giant cockroach (D:1)
  8 goblins
  7 hobgoblins
  6 jackals
  A quokka (D:2)
  4 ball pythons
  4 bats
  A frilled lizard (D:2)
  3 kobolds
  4 rats
66 creatures vanquished.

Notes
Turn   | Place    | Note
-------+----------+-------------------------------------------
     0 | D:1      | qw the Gargoyle Hunter began the quest for the Orb.
     0 | D:1      | Reached XP level 1. HP: 12/12 MP: 1/1
     0 | D:1      | 0 ||| qw: Version: 0.3-a-106-g2cfff9e
     0 | D:1      | 0 ||| qw: Game counter: 2046
     0 | D:1      | 0 ||| qw: Melee chars always use a shield: true
     0 | D:1      | 0 ||| qw: God list: Okawaru
     0 | D:1      | 0 ||| qw: Allow faded altars: false
     0 | D:1      | 0 ||| qw: Do Orc after clearing Dungeon:15 true
     0 | D:1      | 0 ||| qw: Do second Lair branch before Depths: true
     0 | D:1      | 0 ||| qw: Lair rune preference: random
     0 | D:1      | 0 ||| qw: Goals: Normal, Save, Zot:1-4, Win
     0 | D:1      | 0 ||| PLANNING D:1-11
    85 | D:1      | Reached XP level 2. HP: 17/17 MP: 2/2
   197 | D:1      | Found a faded altar of an unknown god.
   429 | D:1      | 429 ||| Stepping ~*~*~tactically~*~*~ (retreating).
   810 | D:1      | 810 ||| READING 2 scrolls labelled GARYNWIXZA.
   810 | D:1      | 810 ||| IDENTIFYING ruby potion
   811 | D:1      | 811 ||| READING scroll of identify.
   811 | D:1      | 811 ||| IDENTIFYING cyan potion
   812 | D:1      | 812 ||| READING scroll labelled LAURINY MO GOMP.
   813 | D:1      | 813 ||| READING scroll labelled REMOYDD YGEATU.
   814 | D:1      | 814 ||| READING scroll labelled XILOQA WORAETH.
   819 | D:1      | 819 ||| READING scroll labelled VIUNYO BOBLAC.
   820 | D:1      | 820 ||| DRINKING 3 inky potions.
   821 | D:1      | 821 ||| DROPPING scroll of butterflies.
   822 | D:1      | 822 ||| DROPPING potion of brilliance.
   823 | D:1      | 823 ||| DROPPING potion of lignification.
   863 | D:2      | 863 ||| STAIRDANCE
   916 | D:2      | Reached XP level 3. HP: 21/21 MP: 3/3
   920 | D:2      | You fall into a shaft and drop 1 floor!
   921 | D:3      | 921 ||| DRINKING 2 grey potions.
   940 | D:2      | Reached skill level 5 in Ranged Weapons
   984 | D:2      | Reached skill level 3 in Fighting
  1030 | D:2      | Reached XP level 4. HP: 27/28 MP: 4/4
  1087 | D:2      | 1087 ||| RETREEAATING.
  1088 | D:2      | 1088 ||| STILL RETREEAATING.
  1089 | D:2      | 1089 ||| STILL RETREEAATING.
  1090 | D:2      | 1090 ||| STILL RETREEAATING.
  1092 | D:2      | 1092 ||| STILL RETREEAATING.
  1093 | D:2      | 1093 ||| Stepping ~*~*~tactically~*~*~ (retreating).
  1094 | D:2      | 1094 ||| Stepping ~*~*~tactically~*~*~ (retreating).
  1095 | D:2      | 1095 ||| Stepping ~*~*~tactically~*~*~ (retreating).
  1096 | D:2      | 1096 ||| STILL RETREEAATING.
  1270 | D:2      | 1270 ||| READING scroll labelled EBEIHAROAQ.
  1270 | D:2      | 1270 ||| ENCHANTING +0 shortbow.
  1314 | D:3      | Reached skill level 6 in Ranged Weapons
  1314 | D:3      | Reached XP level 5. HP: 32/32 MP: 5/5
  1637 | D:3      | Noticed Ijyb
  1642 | D:3      | Noticed Robin
  1652 | D:3      | Killed Ijyb
  1653 | D:3      | HP: 7/33 [adder (3)]
  1654 | D:3      | 1654 ||| DRINKING smoky pink potion.
  1655 | D:3      | 1655 ||| DRINKING murky yellow potion.
  1655 | D:3      | Slain by a hobgoblin

Levels and vault maps discovered:
D:1:      lightli_iron_boxes, layout_basic,
          shapermc_ecumenical_altar_mp_urbaneastern
D:2:      layout_rooms
D:3:      layout_loops_ring, mainiacjoe_overflow_catwalk, minmay_starry_boxes,
          uniq_sigmund, uniq_robin, uniq_ijyb

Skill      XL: |  1  2  3  4  5 |
---------------+----------------+-----
Ranged Weapons | 5 6 |  6.0
Fighting       | 3 4 |  4.2
Dodging        | |  1.5
Stealth        | |  1.1

Action                     |  1- 3 |  4- 6 || total
---------------------------+-------+-------++-------
   Fire: Shortbow          |    94 |   114 ||   208
    Use: Scroll            |     6 |     1 ||     7
         Potion            |     2 |     2 ||     4
 Armour: Leather armour    |    17 |    59 ||    76
  Dodge: Dodged            |    28 |    47 ||    75

Table legend:
 A = Non-vault XP
 B = Vault XP
 C = Vault XP percentage of total XP
 D = Non-vault monster count
 E = Vault monster count
 F = Vault count percentage of total count
                 A         B        C        D         E       F
            +---------+---------+-------+---------+---------+-------
      Total |     258 |      45 |  14.9 |      60 |       6 |   9.1
            +---------+---------+-------+---------+---------+-------
        D:1 |      29 |       0 |   0.0 |      16 |       0 |   0.0
        D:2 |     121 |       0 |   0.0 |      27 |       0 |   0.0
        D:3 |     108 |      45 |  29.4 |      17 |       6 |  26.1
            +---------+---------+-------+---------+---------+-------
